 Dungeon Crawl Stone Soup version 0.16-a0-1157-gec61f8e (webtiles) character file.

9862 RobertPalmer the Cleaver (level 11, 0/64 HPs)
             Began as an Octopode Gladiator on Oct 8, 2014.
             Slain by a water moccasin (5 damage)
             ... on level 2 of the Lair of Beasts.
             The game lasted 00:39:59 (17890 turns).

RobertPalmer the Cleaver (Octopode Gladiator)      Turns: 17890, Time: 00:39:59

Health: 0/64       AC:  3    Str: 15    XL:     11   Next: 53%
Magic:  11/11      EV: 18    Int: 15    God:
Gold:   755        SH:  0    Dex: 12    Spells: 1 memorised, 8 levels left

rFire  . . .     SeeInvis .     m - +1 battleaxe (chop)
rCold  . . .     Clarity  .     (no shield)
rNeg   . . .     SustAb   .     c - +2 hat
rPois  .         Gourm    .     r - amulet of rage
rElec  .         Spirit   .     l - +1 ring of intelligence
rCorr  .         Warding  .     (no ring)
rMut   .         Stasis   .     (no ring)
MR     .....                    (no ring)
Stlth  ++........               (no ring)
                                (no ring)
                                (no ring)
                                (no ring)

@: lethally poisoned, not resistant to hostile enchantments, unstealthy
A: almost no armour, amphibious, 8 rings, constrict 8, camouflage 1, gelatinous
body 1
a: Evoke Berserk Rage


You were on level 2 of the Lair of Beasts.
You were very hungry.

You visited 2 branches of the dungeon, and saw 11 of its levels.
You also visited: Bailey.

You collected 755 gold pieces.


Innate Abilities, Weirdness & Mutations

You cannot wear most types of armour.
You are amphibious.
You can wear up to eight rings at the same time.
You can use your tentacles to constrict many enemies at once.
Your skin changes colour to match your surroundings (Stealth).
Your rubbery body absorbs attacks (AC +1).


   Skills:
 - Level 2.0 Fighting
 + Level 13.3 Axes
 - Level 2.0 Throwing
 - Level 11.9 Dodging


You had 8 spell levels left.
You knew the following spells:

 Your Spells              Type           Power        Failure   Level  Hunger
a - Stoneskin             Trmt/Erth      #.......     38%         2    ###....

Inventory:

Hand weapons
 a - a +3 battleaxe of flaming
 b - a +2 battleaxe of electrocution
 m - a +1 battleaxe of chopping (weapon)
Missiles
 d - a throwing net (quivered)
 v - 3 javelins
 A - 19 tomahawks of returning
Armour
 c - a +2 hat (worn)
Magical devices
 p - a wand of disintegration (12)
 B - a wand of digging (12)
 C - a wand of random effects (11)
Comestibles
 f - 6 bread rations
 h - 7 fruits
 i - a beef jerky
 u - 2 meat rations
Scrolls
 k - a scroll of fog
 n - 2 scrolls of amnesia
 o - 8 scrolls of remove curse
 s - a scroll of enchant armour
Jewellery
 g - an uncursed amulet of resist corrosion
 l - a +1 ring of intelligence (left tentacle)
 r - an amulet of rage (around mantle)
Potions
 j - 3 potions of restore abilities
 t - 2 potions of brilliance
Books
 q - a book of Transfigurations
Miscellaneous
 e - a fan of gales (inert)

Dungeon Overview and Level Annotations

Branches:
Dungeon (9/15)             Temple (0/1) D:5            Lair (2/8) D:9
    Orc: D:9-12

Altars:
Ashenzari
Cheibriados
Dithmenos
Elyvilon
Makhleb
Nemelex Xobeh
Okawaru
Qazlal
Trog

Annotations:
D:7 Prince Ribbit

##............................
#............................
##..####P##........P...###...P
#..#.#####..<).....#..## ##..#
#..##............≈#..... #..#
##.##....≈.≈≈≈≈≈≈≈...... #.).
#.#.....≈Y≈≈≈≈≈≈≈..... #...
#.#..<..≈Y≈≈S≈≈≈≈≈....
#..#....≈≈≈.@.≈≈≈..##
#.#....≈≈≈≈≈<.≈≈≈≈###
##.#P..#.≈≈≈.≈≈≈≈≈≈...
#P.#..#..≈≈≈≈≈≈≈≈≈....
#........≈≈≈≈≈≈≈≈≈....
#P.........≈≈≈≈≈≈≈....
#...........≈≈≈.......
##............).......
#..#.###.#P.....###P#


You could see 2 yaks and a water moccasin.


Message History

* * * LOW HITPOINT WARNING * * *
You release your grip on the water moccasin.
The water moccasin misses you. The yak gores you!
* * * LOW HITPOINT WARNING * * *
Unknown command.
You feel sick. The water moccasin closely misses you.
Drink which item? (? for menu, Esc to quit)
Okay, then.
Read which item? (? for menu, Esc to quit)
Okay, then.
Evoke which item? (* to show all) (? for menu, Esc to quit)
Okay, then.
You feel sick.
The water moccasin bites you but does no damage.
The water moccasin barely misses you.
You feel sick. The water moccasin closely misses you.
The water moccasin closely misses you.
You see here a trident.
You feel sick.
The water moccasin completely misses you.
The water moccasin completely misses you.
The water moccasin closely misses you.
You miss the water moccasin.
The water moccasin is moderately wounded.
You feel sick.
The water moccasin completely misses you.
You hit the water moccasin.
The water moccasin is heavily wounded.
The water moccasin misses you. The water moccasin bites you.
You die...

Action                   |  1- 3 |  4- 6 |  7- 9 | 10-12 || total
-------------------------+-------+-------+-------+-------++-------
Melee: War axe           |    72 |   103 |     8 |       ||   183
       Battleaxe         |       |       |   227 |   315 ||   542
       Unarmed           |       |       |       |    15 ||    15
Throw: Throwing net      |     2 |     3 |     9 |     4 ||    18
       Javelin           |       |     6 |     3 |       ||     9
       Tomahawk          |       |       |     8 |     2 ||    10
Evoke: Wand              |       |       |    13 |    15 ||    28
       Fan of gales      |       |       |       |     1 ||     1
  Use: Scroll            |     3 |     4 |    16 |     8 ||    31
       Potion            |       |       |     2 |     9 ||    11
 Stab: Sleeping          |     2 |     3 |     5 |     4 ||    14
       Distracted        |     1 |       |       |     2 ||     3
       Paralysed         |       |       |     6 |       ||     6
       Held in net/web   |       |       |     3 |       ||     3
  Eat: Chunk             |     4 |     9 |    15 |    12 ||    40
       Pizza             |       |     1 |       |     1 ||     2
       Fruit             |       |     1 |     2 |     1 ||     4
       Meat ration       |       |       |       |     1 ||     1
       Beef jerky        |       |       |       |     1 ||     1
       Royal jelly       |       |       |       |     1 ||     1

Vault maps used:
D:1:      nicolae_arrival_somewhat_less_tricky_arrival, serial_bayou_lagoon_a,
          minmay_fountain_box
D:3:      minitemple, first_bread, minmay_misc_feat_alley
D:4:      st_stairs_3, uniq_menkaure
D:5:      cheibriados_altar_1, kennysheep_mini_moat, minmay_temple_entry_grid,
          nemelex_xobeh_ov_fountains_minmay, uniq_blork_the_orc
D:6:      lemuel_round_altar, supply_closet_lemuel
D:7:      basic_altar, lightli_bailey_entry_fortress, guppyfry_early_elven_hall,
          uniq_iyjb, uniq_prince_ribbit1
D:8:      kennysheep_steamy, trog_book, uniq_duvessa, uniq_edmund, uniq_joseph
D:9:      minmay_diamond_stairs, erik_lair_orcish_takeover
Lair:1:   infiniplex_staircase_pool
Lair:2:   infiniplex_staircase_pool_2
Bailey:   bailey_axe_3, bailey

Notes
Turn   | Place    | Note
--------------------------------------------------------------
     0 | D:1      | RobertPalmer, the Octopode Gladiator, began the quest for the Orb.
     0 | D:1      | Reached XP level 1. HP: 14/14 MP: 1/1
   408 | D:1      | Reached XP level 2. HP: 14/19 MP: 2/2
  1284 | D:2      | Reached skill level 4 in Axes
  1331 | D:2      | Reached XP level 3. HP: 17/24 MP: 3/3
  2321 | D:2      | Reached XP level 4. HP: 20/29 MP: 4/4
  2612 | D:3      | HP: 2/29 [giant cockroach (1)]
  2963 | D:2      | Reached skill level 5 in Axes
  3199 | D:3      | Reached XP level 5. HP: 15/34 MP: 5/5
  3459 | D:3      | Reached skill level 6 in Axes
  4131 | D:3      | Found a shadowy altar of Dithmenos.
  4141 | D:3      | Found a white marble altar of Elyvilon.
  4142 | D:3      | Found a burning altar of Makhleb.
  4146 | D:3      | Found a shattered altar of Ashenzari.
  4944 | D:4      | Noticed Menkaure
  5081 | D:4      | Reached XP level 6. HP: 39/39 MP: 6/6
  5212 | D:4      | Killed Menkaure
  5212 | D:4      | Reached skill level 7 in Axes
  5774 | D:4      | Reached XP level 7. HP: 35/45 MP: 7/7
  5865 | D:5      | Entered Level 5 of the Dungeon
  5888 | D:5      | Found a snail-covered altar of Cheibriados.
  5936 | D:5      | Noticed Blork the orc
  5961 | D:5      | Killed Blork the orc
  5961 | D:5      | Reached skill level 8 in Axes
  6383 | D:5      | Found a sparkling altar of Nemelex Xobeh.
  6525 | D:5      | Found a staircase to the Ecumenical Temple.
  7019 | D:5      | Found a stormy altar of Qazlal.
  7119 | D:6      | Reached skill level 9 in Axes
  7288 | D:6      | Reached XP level 8. HP: 50/50 MP: 8/8
  7616 | D:6      | Reached skill level 10 in Axes
  7881 | D:6      | Found an iron altar of Okawaru.
  8186 | D:7      | Noticed Prince Ribbit
  8259 | D:7      | Found a flagged portal.
  8271 | Bailey   | Entered a bailey
  8426 | Bailey   | Got a polished short sword {vamp}
  8714 | Bailey   | Noticed an orc knight
  8754 | Bailey   | Reached skill level 11 in Axes
  8771 | Bailey   | Killed an orc knight
  8771 | Bailey   | Reached XP level 9. HP: 45/54 MP: 9/9
  8795 | Bailey   | Found an iron altar of Okawaru.
  9041 | D:7      | Reached skill level 12 in Axes
  9384 | D:7      | Found a white marble altar of Elyvilon.
  9445 | D:7      | Noticed Ijyb
  9455 | D:7      | Killed Ijyb
 10117 | D:8      | Noticed a hill giant
 10130 | D:7      | Reached skill level 13 in Axes
 10690 | D:8      | Found a bloodstained altar of Trog.
 10691 | D:8      | Noticed Edmund
 10695 | D:8      | Killed Edmund
 10695 | D:8      | Reached skill level 4 in Dodging
 10945 | D:8      | Noticed Duvessa
 11028 | D:8      | Noticed Joseph
 11142 | D:8      | Reached skill level 5 in Dodging
 11142 | D:8      | Reached XP level 10. HP: 60/60 MP: 10/10
 11464 | D:8      | Reached skill level 6 in Dodging
 11528 | D:8      | Killed Joseph
 11636 | D:8      | Reached skill level 7 in Dodging
 12063 | D:8      | Noticed Dowan
 12081 | D:8      | Killed Duvessa
 12091 | D:8      | Killed Dowan
 12399 | D:8      | Reached skill level 8 in Dodging
 13144 | D:9      | Noticed a cyclops
 13171 | D:9      | Noticed a green ugly thing
 13640 | D:9      | Noticed a seven-headed hydra
 13640 | D:9      | Noticed a frost giant
 14071 | D:9      | Reached skill level 9 in Dodging
 14115 | D:9      | Killed a cyclops
 14127 | D:9      | Found a staircase to the Lair.
 14135 | D:9      | HP: 6/60 [warg (13)]
 14148 | D:9      | HP: 4/90 [orc wizard/magic dart (7)]
 14605 | D:9      | Reached skill level 10 in Dodging
 14627 | D:9      | Identified a potion of resistance
 14644 | D:9      | Killed a green ugly thing
 14644 | D:9      | Reached XP level 11. HP: 62/64 MP: 11/11
 14676 | D:9      | HP: 6/64 [poisoned by a killer bee]
 15457 | D:9      | Reached skill level 11 in Dodging
 15684 | Lair:1   | Entered Level 1 of the Lair of Beasts
 17714 | Lair:2   | Learned a level 2 spell: Stoneskin
 17876 | Lair:2   | HP: 6/64 [poisoned by a water moccasin]
 17881 | Lair:2   | HP: 5/64 [poisoned by a water moccasin]
 17889 | Lair:2   | HP: 5/64 [poisoned by a water moccasin]
 17890 | Lair:2   | Slain by a water moccasin

Vanquished Creatures
  An orc knight (Bailey)
  A cyclops (D:9)
  An ugly thing (D:9)
  Joseph (D:8)
  A spiny frog (Lair:1)
  A two-headed ogre (D:8)
  4 yaks (Lair:2)
  A hungry ghost (D:8)
  2 steam dragons (D:8)
  2 wargs (D:9)
  6 wolves (Lair:1)
  Edmund (D:8)
  Menkaure (D:4)
  A deep elf fighter (D:7)
  A hill giant skeleton (D:9)
  2 hippogriffs
  2 water moccasins
  5 orc warriors
  An ice beast (D:7)
  3 phantoms
  A black bear (Lair:1)
  2 centaurs (D:8)
  2 sky beasts (D:9)
  8 ogres
  Duvessa (D:8)
  2 crocodiles
  4 giant frogs
  A big kobold (D:8)
  Blork the orc (D:5)
  2 scorpions
  5 killer bees (D:9)
  A hippogriff zombie (D:9)
  A troll zombie (D:9)
  A hippogriff skeleton (D:6)
  3 jellies
  Dowan (D:8)
  4 crimson imps
  5 orc priests
  A centaur skeleton (D:9)
  2 hounds
  8 orc wizards
  12 worker ants
  9 iguanas
  4 sheep (Lair:1)
  Ijyb (D:7)
  A crocodile skeleton (D:8)
  12 adders
  A steam dragon zombie (D:9)
  18 gnolls
  21 green rats
  2 shadow imps
  5 worms
  7 giant geckos
  29 orcs
  20 bats
  7 giant cockroaches
  17 goblins
  22 hobgoblins
  8 jackals
  8 quokkas
  3 ball pythons
  A giant gecko zombie (D:5)
  3 giant newts
  30 kobolds
  2 orc skeletons
  2 orc zombies (D:6)
  13 rats
352 creatures vanquished.

Vanquished Creatures (collateral kills)
  A killer bee (D:9)
1 creature vanquished.

Vanquished Creatures (others)
  A fungus (Lair:1)
1 creature vanquished.

Grand Total: 354 creatures vanquished
